Map: Odyssey LE

Players

LiquidSnute (Snute) - Winner!

  • Race: Zerg Zerg
  • League: Master
  • Spawn Location: 5:00

JJAKJI

  • Race: Terran Terran
  • Spawn Location: 11:00

Event: HomeStory Cup XVI

VOD

Have the link to the VOD?

Description

Time

  • Played on: Nov. 9, 2017, 1:22 p.m.
  • Length: 22:58

All games in this series

Show
View Real Time Build Order
Export as new Build Order

LiquidSnute Zerg - Winner!

Build Orders: Pool First, Muta Ling Bane 

Get SALT Encoding   

  12  0:00  Drone  
  13  0:12  Overlord  
  13  0:16  Drone  
  14  0:30  Drone x2  
  14  0:34  Drone  
  17  0:43  Spawning Pool  
  17  0:47  Drone  
  17  1:09  Hatchery  
  17  1:11  Drone  
  17  1:13  Drone  
  17  1:16  Extractor  
  17  1:19  Drone  
  18  1:29  Queen  
  18  1:32  Zergling x2  
  21  1:38  Overlord  
  21  1:49  Drone  
  22  1:59  Drone  
  23  2:05  Queen  
  25  2:10  Drone  
  26  2:16  Metabolic Boost  
  26  2:21  Queen, Drone  
  29  2:23  Drone  
  30  2:33  Drone x2  
  30  2:36  Overlord  
  33  2:37  Drone  
  33  2:39  Drone  
  33  2:42  Drone  
  34  2:44  Drone  
  35  2:53  Drone  
  36  2:59  Drone  
  37  3:07  Hatchery  
  37  3:09  Zergling x4  
  38  3:14  Zergling x6  
  38  3:17  Overlord  
  38  3:19  Zergling x2  
  42  3:26  Overlord, Zergling x2  
  42  3:27  Zergling x2  
  44  3:29  Overlord  
  44  3:31  Overlord  
  44  3:38  Overlord  
  44  3:47  Drone x4  
  48  3:50  Drone  
  48  3:54  Drone  
  50  4:02  Drone x3  
  52  4:03  Drone  
  52  4:08  Drone  
  52  4:13  Queen x2  
  52  4:14  Drone  
  55  4:19  Queen  
  55  4:20  Zergling x4  
  59  4:25  Zergling x2  
  59  4:31  Drone x2  
  62  4:35  Drone  
  61  4:40  Spore Crawler  
  61  4:41  Spore Crawler  
  61  4:42  Spore Crawler, Drone x2  
  61  4:45  Drone x3  
  62  4:48  Queen x2, Baneling Nest, Drone  
  62  4:49  Drone  
  62  4:50  Drone  
  64  5:03  Drone x3  
  64  5:04  Drone x3  
  68  5:07  Drone x2  
  68  5:08  Drone  
  68  5:11  Drone  
  73  5:14  Drone x3  
  73  5:15  Drone  
  73  5:16  Drone  
  73  5:18  Drone x2  
  73  5:20  Drone  
  73  5:21  Drone  
  81  5:25  Overlord  
  81  5:30  Overlord  
  81  5:35  Extractor  
  80  5:36  Extractor x2  
  80  5:38  Evolution Chamber, Drone x2  
  80  5:39  Evolution Chamber  
  80  5:41  Drone  
  79  5:44  Hatchery  
  79  5:45  Drone x3  
  79  5:47  Drone x2  
  79  5:49  Drone x2  
  85  5:50  Drone  
  85  5:55  Drone  
  85  5:56  Drone x2  
  89  6:00  Drone  
  89  6:01  Extractor x2, Drone  
  89  6:06  Zerg Ground Armor Level 1  
  89  6:07  Zerg Melee Weapons Level 1  
  89  6:10  Hatchery  
  88  6:13  Drone  
  88  6:15  Zergling x10  
  88  6:16  Zergling x2  
  88  6:18  Overlord  
  95  6:20  Overlord  
  95  6:22  Zergling x2  
  95  6:23  Zergling x2  
  97  6:33  Overlord x2  
  97  6:42  Zergling x2  
  97  6:43  Zergling x20  
  97  6:47  Overlord x4  
  105  6:49  Zergling x2  
  106  6:59  Overlord  
  106  7:01  Queen  
  106  7:04  Lair  
  109  7:08  Zergling x8  
  109  7:09  Zergling x8  
  109  7:13  Baneling x12  
  109  7:14  Baneling  
  116  7:21  Drone x2  
  116  7:24  Zergling x2  
  116  7:25  Zergling x18  
  116  7:28  Zergling x6  
  129  7:37  Zergling x12  
  129  7:38  Zergling x4  
  137  7:45  Queen x2  
  130  7:52  Drone x7  
  136  8:02  Drone x2  
  136  8:03  Drone, Zergling x2  
  136  8:04  Zergling x12  
  136  8:05  Zerg Melee Weapons Level 2, Centrifical Hooks, Zerg Ground Armor Level 2  
  146  8:09  Infestation Pit  
  145  8:15  Spire  
  145  8:17  Zergling x2  
  145  8:18  Zergling x12  
  151  8:23  Zergling x8  
  151  8:24  Zergling x4  
  153  8:36  Zergling x10  
  152  8:41  Zergling x4  
  152  8:42  Zergling x8  
  152  8:45  Overlord  
  152  8:46  Overlord x2  
  157  8:49  Baneling x9  
  157  8:51  Hive  
  157  8:53  Overlord  
  157  8:54  Overlord  
  157  8:55  Queen  
  156  8:57  Queen  
  146  9:09  Zergling x2  
  133  9:10  Zergling x28  
  140  9:18  Zergling x14  
  140  9:22  Zergling x2  
  140  9:23  Zergling x4  
  148  9:28  Overseer  
  148  9:29  Overseer  
  148  9:30  Pneumatized Carapace, Mutalisk  
  148  9:31  Mutalisk  
  152  9:38  Mutalisk  
  152  9:39  Mutalisk x2  
  158  9:48  Mutalisk x4  
  158  9:52  Baneling x7  
  165  10:08  Baneling x11  
  165  10:09  Baneling x3  
  165  10:15  Ultralisk Cavern, Drone x2  
  165  10:16  Drone x2  
  165  10:17  Drone  
  169  10:24  Zergling x34  
  163  10:36  Baneling  
  163  10:37  Baneling x6, Zergling x2  
  163  10:38  Zergling x18  
  145  10:57  Zergling x2  
  145  10:58  Zergling x20  
  155  11:08  Chitinous Plating  
  155  11:11  Ultralisk  
  161  11:13  Zergling x2  
  161  11:14  Zergling x18  
  171  11:19  Drone  
  171  11:20  Drone x2  
  171  11:24  Drone x2  
  176  11:42  Ultralisk x2  
  186  11:51  Hatchery  
  181  11:55  Ultralisk  
  180  12:05  Overlord  
  166  12:13  Ultralisk  
  170  12:19  Zergling x12  
  170  12:20  Zergling x2  
  174  12:27  Drone x5  
  178  12:33  Zergling x4  
  178  12:34  Zergling x38  
  185  12:44  Corruptor x3  
  162  12:59  Zerg Ground Armor Level 3  
  162  13:01  Queen x3  
  162  13:03  Drone x3  
  165  13:12  Ultralisk  
  171  13:13  Zergling x2  
  171  13:14  Zergling x20  
  171  13:18  Zergling x4  
  186  13:28  Hatchery  
  186  13:32  Ultralisk  
  181  13:43  Adrenal Glands  
  164  14:01  Ultralisk  
  156  14:07  Zergling x12  
  156  14:08  Zergling x16  
  156  14:33  Zerg Melee Weapons Level 3  
  156  14:35  Ultralisk  
  158  14:40  Hatchery  
  158  14:43  Ultralisk  
  158  14:45  Zergling x24  
  153  14:50  Zergling x6  
  147  15:07  Zergling x24  
  147  15:11  Queen  
  147  15:13  Corruptor  
  154  15:15  Zergling x6  
  157  15:21  Zergling x2  
  157  15:22  Zergling x8  
  160  15:42  Ultralisk x2  
  166  15:51  Ultralisk  
  169  15:57  Zergling x16  
  177  16:16  Burrow  
  177  16:20  Zergling x20  
  177  16:21  Zergling x6  
  190  16:28  Queen  
  190  16:29  Queen  
  187  16:42  Queen x2  
  187  16:44  Drone x2  
  187  17:05  Ultralisk  
  187  17:06  Ultralisk  
  198  17:09  Corruptor  
  199  17:28  Corruptor x2  
  169  17:47  Ultralisk x3  
  169  17:48  Corruptor x3  
  191  17:53  Zergling x18  
  199  18:24  Zergling x4  
  199  18:25  Zergling x4  
  200  18:31  Zerg Flyer Armor Level 1  
  192  19:01  Zergling x6  
  195  19:07  Baneling  
  195  19:08  Baneling x13  
  178  19:20  Ultralisk x2  
  174  19:25  Zergling x2  
  174  19:26  Zergling x28  
  174  19:28  Ultralisk  
  174  19:29  Ultralisk  
  174  19:31  Zergling x22  
  190  19:33  Overlord  
  190  19:34  Overlord  
  190  19:36  Zergling x20  
  184  19:44  Ultralisk  
  177  19:47  Zergling x8  
  168  20:03  Zergling x18  
  172  20:09  Zergling x2  
  172  20:10  Zergling x10  
  172  20:13  Zergling x4  
  170  20:15  Ultralisk  
  170  20:26  Corruptor x3  
  170  20:27  Corruptor  
  162  20:34  Corruptor  
  160  20:43  Corruptor  
  160  20:47  Zergling x20  
  160  20:48  Zergling x4  
  174  20:52  Queen  
  176  21:06  Queen  
  177  21:12  Zergling x22  
  174  21:26  Ultralisk x2  
  182  21:36  Zergling x18  
  180  21:49  Hatchery  
  177  21:54  Zergling x10  
  182  22:04  Corruptor  
  183  22:14  Zergling x18  
  177  22:27  Zergling x2  
  177  22:28  Zergling x16  
Show
View Real Time Build Order
Export as new Build Order

JJAKJI Terran 

Build Orders: Bio Mine 

Get SALT Encoding   

  12  0:00  SCV  
  13  0:12  SCV  
  14  0:16  Supply Depot  
  14  0:25  SCV  
  15  0:38  SCV  
  15  0:39  Barracks  
  16  0:43  Refinery  
  16  0:50  SCV  
  17  1:02  SCV  
  18  1:14  SCV  
  19  1:26  Orbital Command, Marine  
  20  1:38  Command Center  
  20  1:44  Marine  
  21  1:53  Factory  
  21  1:57  SCV  
  22  2:03  Supply Depot  
  22  2:06  Barracks Reactor  
  22  2:10  SCV  
  22  2:14  Refinery  
  23  2:24  SCV  
  24  2:36  SCV  
  25  2:39  Starport  
  27  2:50  SCV  
  26  2:53  Hellion x2, Barracks Tech Lab  
  30  3:02  SCV  
  30  3:05  Orbital Command  
  31  3:14  Hellion  
  31  3:17  SCV  
  34  3:22  Supply Depot, Viking  
  36  3:28  Barracks Tech Lab  
  36  3:30  SCV  
  36  3:32  SCV  
  38  3:37  Hellion  
  42  3:41  Hellion  
  42  3:44  SCV  
  42  3:46  SCV  
  44  3:48  Stimpack  
  44  3:50  Marine  
  43  4:06  Hellion x2  
  40  4:12  SCV x2  
  40  4:15  Supply Depot  
  44  4:22  Command Center  
  41  4:24  SCV x2  
  41  4:27  Marine  
  44  4:36  SCV x2  
  46  4:40  Barracks  
  46  4:41  Starport Reactor  
  46  4:43  Barracks  
  46  4:44  Supply Depot  
  46  4:45  Marine  
  46  4:51  SCV, Factory Reactor  
  46  4:52  SCV  
  47  5:03  Marine  
  42  5:08  SCV x2  
  42  5:09  Engineering Bay  
  42  5:10  Engineering Bay  
  42  5:19  Barracks  
  42  5:20  Barracks, SCV x2  
  42  5:21  Marine  
  44  5:25  Medivac  
  44  5:27  Viking  
  49  5:28  Marine x2  
  49  5:33  SCV  
  49  5:35  SCV  
  53  5:37  Factory Reactor  
  53  5:39  Terran Infantry Weapons Level 1, Marine  
  53  5:40  Terran Infantry Armor Level 1  
  54  5:44  Orbital Command  
  54  5:46  SCV  
  54  5:48  SCV  
  54  5:49  Marine  
  57  5:50  Marine x2  
  57  5:52  Marine  
  57  5:56  Combat Shields  
  57  5:57  Marine  
  61  6:05  SCV x2  
  61  6:06  Refinery  
  61  6:07  Refinery  
  61  6:08  Barracks Reactor x2  
  61  6:09  Marine x2  
  61  6:10  Marine  
  66  6:13  Marine  
  66  6:14  Marine  
  66  6:18  Widow Mine x2  
  68  6:20  SCV x2  
  68  6:22  Medivac, Orbital Command  
  68  6:23  Medivac  
  78  6:26  Marine  
  78  6:28  Marine  
  78  6:29  Marine  
  78  6:31  Supply Depot, Marine  
  78  6:32  Marine  
  82  6:33  SCV  
  82  6:34  SCV  
  82  6:39  Supply Depot  
  85  6:41  Supply Depot  
  85  6:51  Armory  
  85  6:52  Widow Mine x2, Marine x3  
  92  6:55  Supply Depot  
  92  6:56  Supply Depot, SCV  
  92  7:01  SCV  
  94  7:02  SCV  
  94  7:04  Marine x4  
  94  7:07  Marine  
  94  7:08  Liberator, Marine  
  100  7:10  SCV, Marine x3  
  100  7:13  SCV  
  106  7:21  Widow Mine x2  
  109  7:25  Medivac, Marine  
  109  7:26  Marine x3  
  109  7:27  Marine x2  
  109  7:28  Marine  
  121  7:33  Supply Depot  
  121  7:35  Supply Depot  
  121  7:36  SCV x2  
  123  7:44  Terran Infantry Weapons Level 2  
  123  7:45  Terran Infantry Armor Level 2  
  123  7:51  Liberator  
  123  7:55  Marine x2  
  123  7:57  Marine x7  
  127  8:01  Supply Depot  
  127  8:03  Widow Mine x2  
  127  8:04  Medivac  
  136  8:13  Marine  
  136  8:16  SCV x2  
  139  8:23  Supply Depot  
  139  8:24  Barracks  
  139  8:25  Barracks x2  
  139  8:26  Supply Depot x2  
  139  8:27  SCV  
  139  8:28  SCV  
  139  8:31  Widow Mine  
  139  8:32  Widow Mine  
  144  8:34  Marauder  
  138  8:42  Marine  
  138  8:43  Marine x4  
  143  8:49  Medivac  
  143  8:51  Medivac  
  143  8:54  Marine x3  
  152  8:55  Marauder  
  152  9:00  Widow Mine x2, Marine  
  152  9:01  Marine x2  
  159  9:07  Command Center  
  152  9:13  Marine  
  152  9:14  Marine x4  
  152  9:17  Marauder  
  152  9:18  Marine x3  
  154  9:25  Barracks Reactor  
  154  9:26  Barracks Tech Lab  
  154  9:27  Marine  
  154  9:29  Widow Mine x2  
  159  9:31  Marine x4  
  159  9:38  Marauder  
  165  9:45  Marauder x2  
  169  9:47  Marine  
  169  9:48  Marine x3  
  172  9:57  Widow Mine  
  172  10:02  Terran Infantry Weapons Level 3, Terran Infantry Armor Level 3  
  172  10:03  Supply Depot x2  
  172  10:04  Refinery x2  
  172  10:17  Marine  
  172  10:18  Widow Mine, Marine x4  
  172  10:19  Marauder x3  
  185  10:21  Medivac  
  185  10:24  Medivac  
  185  10:26  Widow Mine  
  191  10:34  Marine  
  180  10:40  Marauder x3  
  186  10:46  Widow Mine, Marine x4  
  186  10:47  Factory  
  180  10:54  Widow Mine  
  176  11:01  Marauder x3  
  182  11:09  Planetary Fortress  
  182  11:11  SCV x3  
  182  11:15  Widow Mine  
  187  11:23  Widow Mine, Marauder x2  
  187  11:24  Marauder  
  193  11:26  Missile Turret  
  193  11:27  Missile Turret  
  193  11:29  Marine x7  
  193  11:31  Unknown x4  
  199  11:39  Factory Tech Lab  
  199  11:42  Marine  
  199  11:43  Concussive Shells  
  199  11:45  Missile Turret  
  198  11:49  Terran Vehicle And Ship Armor Level 1  
  198  11:50  Command Center  
  192  12:00  Marauder x3  
  190  12:02  Marine  
  190  12:03  Marine  
  183  12:09  Widow Mine x2, Thor  
  183  12:12  Marine x7  
  200  12:17  Drilling Claws  
  200  12:24  Command Center  
  199  12:30  Fusion Core  
  199  12:31  Starport  
  199  12:32  Starport  
  199  12:36  Marine  
  198  12:51  Marauder x2  
  171  12:53  Marauder, Marine  
  171  12:54  Widow Mine x2, Thor, Marine x8  
  168  13:05  Marine  
  159  13:10  Orbital Command, Starport Reactor, Starport Tech Lab  
  159  13:11  Marine x2  
  159  13:12  Marauder x2  
  165  13:15  Marauder  
  165  13:17  Liberator x2  
  167  13:22  Widow Mine x2  
  167  13:23  Liberator  
  167  13:26  Reaper  
  172  13:30  Missile Turret  
  172  13:33  Marauder  
  172  13:34  Marauder  
  173  13:35  Sensor Tower  
  173  13:36  Marauder  
  175  13:51  Widow Mine x2  
  175  13:54  Marine x6  
  175  13:55  Marauder x2, Marine  
  185  13:57  Refinery  
  185  13:58  Marauder, Refinery  
  171  14:07  Marine x3  
  171  14:08  Missile Turret  
  173  14:12  Widow Mine, Liberator, Marine x2  
  173  14:16  Marauder  
  179  14:19  Widow Mine  
  179  14:20  Widow Mine  
  183  14:30  Advanced Ballistics  
  186  14:34  Missile Turret  
  184  14:40  Marauder x3  
  179  14:48  Medivac  
  179  14:52  Medivac  
  183  14:57  Medivac  
  168  15:01  Marauder x2  
  168  15:06  Marauder  
  140  15:14  Liberator  
  120  15:15  Marine x2  
  113  15:21  Planetary Fortress  
  113  15:23  Marauder x2  
  113  15:27  Marauder  
  117  15:39  Marine x2  
  117  15:40  Marine x3  
  118  15:44  Marauder x2  
  118  15:48  SCV x2  
  118  15:49  Marauder, SCV  
  127  15:51  Planetary Fortress  
  125  15:58  Refinery  
  125  16:00  Orbital Command, SCV  
  125  16:03  Marine  
  125  16:04  Marine x5  
  127  16:05  Marauder  
  127  16:06  Marauder  
  127  16:10  Marauder  
  133  16:15  Marine  
  133  16:16  Marine x3  
  133  16:18  Medivac x2  
  138  16:21  Marine x3  
  138  16:22  Marine  
  138  16:25  Missile Turret, SCV x4  
  148  16:27  Marauder x2  
  148  16:28  Medivac  
  148  16:32  Marauder  
  156  16:37  SCV x3, Marine x3  
  159  16:40  Widow Mine  
  159  16:46  Widow Mine  
  153  16:47  Widow Mine  
  153  16:48  Marauder x2  
  153  16:53  Marauder  
  158  16:55  Marine  
  158  16:56  Marine x2  
  160  17:01  SCV x3  
  160  17:03  Liberator x2  
  160  17:10  Marauder x2  
  160  17:11  Bunker  
  160  17:12  Marine  
  160  17:14  Marauder  
  155  17:25  Sensor Tower  
  153  17:31  Marauder x2  
  153  17:34  Liberator  
  153  17:36  Marauder  
  153  17:37  Liberator  
  153  17:39  Marine  
  153  17:40  Marine  
  153  17:42  Marine  
  143  17:52  Marauder x2  
  143  17:57  Marauder  
  155  18:13  Widow Mine x3  
  155  18:14  Marauder x2  
  155  18:19  Marauder  
  166  18:20  Orbital Command  
  163  18:30  SCV x3  
  166  18:35  Sensor Tower  
  166  18:40  Liberator  
  162  18:41  Widow Mine  
  162  18:42  Widow Mine, SCV  
  167  18:50  SCV x3  
  167  18:54  SCV  
  167  18:55  Refinery x2, Liberator  
  171  19:02  SCV  
  160  19:21  Marauder x2  
  160  19:22  Marauder  
  140  19:28  Marine  
  140  19:29  Marine x5  
  140  19:31  Widow Mine x2  
  123  19:39  Medivac x2  
  110  19:47  Medivac  
  110  19:48  Marauder  
  107  19:53  Marine  
  107  19:54  Marine x7  
  107  19:55  Marauder x2  
  107  19:56  Marine  
  101  20:09  Marauder  
  101  20:11  Marine  
  101  20:12  Marine  
  101  20:13  Marine  
  94  20:16  Marauder  
  94  20:17  Marauder  
  94  20:19  Marine x2  
  88  20:30  Marauder, Marine  
  88  20:31  SCV  
  88  20:33  SCV  
  88  20:35  Orbital Command  
  88  20:38  Marauder x2  
  91  20:48  Marine  
  91  20:49  Marine  
  91  20:50  Marine  
  91  20:51  Orbital Command, Marine x2  
  91  20:52  Marauder  
  91  20:55  Marine x4  
  91  20:56  Marine  
  100  20:59  Marauder x2  
  100  21:02  Medivac x2  
  107  21:11  Medivac  
  107  21:15  Missile Turret  
  107  21:16  Orbital Command, Missile Turret  
  108  21:23  Marine x3  
  108  21:24  Marine x4  
  108  21:25  Marine  
  107  21:26  Marauder  
  107  21:28  Marauder  
  99  21:44  Medivac, Marine  
  99  21:45  Marine  
  99  21:46  Marauder  
  90  21:47  Marauder  
  90  21:49  Marauder  
  90  21:53  Medivac  
  87  22:02  Medivac  
  87  22:07  Marauder  
  89  22:14  Marauder x2  
  89  22:17  Orbital Command  
  84  22:29  Marauder  
  63  22:30  Marine  
  63  22:32  Marine  
  63  22:33  Marine  
  63  22:35  Marauder x2  
  67  22:39  Marine  
Tags
 
Add a new tag
Caveats
  • Supply blocks, unpowered buildings, or Contaminate may cause inaccurate times.
  • Supply counts are checked every 10 seconds.